Cogmind - Beta 16 @@@ ROGUE MODE // 2025.11.15 @ 18:04:09 Player: Minty Result: Destroyed self via exploding Plasma Injector Performance ------------- Evolutions (0) 0 Regions Visited (4) 800 Robots Destroyed (9) 45 Value Destroyed (208) 208 Prototype IDs (25) 500 Alien Tech Used (0) 0 Bonus (168) 168 TOTAL SCORE: 1721 Bonus ------- Aligned with FarCom 300 Friendly Fire -132 Cogmind --------- Core Integrity 0/250 Matter 171/300 Energy 85/100 System Corruption 2% Temperature Cool (12) Movement Core (250) Ox4 Location -9/Mines Parts ------- > --- POWER (1) -------- (None) > --- PROPULSION (2) --- Light Treads Light Treads > --- UTILITY (2) ------ Small Storage Unit Machine Analyzer > --- WEAPON (2) ------- AWS/Thermal > --- INVENTORY (8) ---- Recalibrator YOLO Cannon Grenade Launcher Peak State ------------ > --- POWER ------------ Ion Engine > --- PROPULSION ------- Light Treads Light Treads > --- UTILITY ---------- Small Storage Unit 0b10 Alert Chip > --- WEAPON ----------- AWS/Thermal > --- INVENTORY -------- Light Ion Engine Wheel Machine Analyzer Recalibrator YOLO Cannon Grenade Launcher Grenade Launcher [Rating: 29] Favorites ----------- Power Ion Engine Engine Ion Engine Propulsion Light Treads Treads Light Treads Leg Aluminum Leg Wheel Wheel Utility Small Storage Unit Storage Small Storage Unit Processor Signal Interpreter Weapon Assault Rifle Energy Gun AWS/Thermal Ballistic Gun Assault Rifle Launcher Grenade Launcher Build | -11 -10 -10 -10 -9 ------- Run | Yrd Mat Min Exi Min Slots Evolved . | . . . . . Power . | . . . . . Propulsion . | . . . . . Utility . | . . . . . Weapon . | . . . . . Parts Attached 14 | . 6 3 3 2 Power 1 | . . 1 . . Engine 1 | . . 1 . . Core . | . . . . . Reactor . | . . . . . Propulsion 6 | . 4 1 1 . Treads 4 | . 2 1 1 . Leg . | . . . . . Wheel 2 | . 2 . . . Hover . | . . . . . Flight . | . . . . . Utility 3 | . 1 . 1 1 Device . | . . . . . Storage . | . . . . . Processor 3 | . 1 . 1 1 Hackware . | . . . . . Protection . | . . . . . Artifact . | . . . . . Weapon 4 | . 1 1 1 1 Energy Gun 1 | . . . 1 . Energy Cannon . | . . . . . Ballistic Gun 1 | . 1 . . . Ballistic Cannon . | . . . . . Launcher 2 | . . 1 . 1 Special Weapon . | . . . . . Impact Weapon . | . . . . . Slashing Weapon . | . . . . . Piercing Weapon . | . . . . . Special Melee Weapon . | . . . . . Unidentified Prototypes . | . . . . . Parts Lost 5 | . . 3 . 2 Power 2 | . . 1 . 1 Propulsion 1 | . . 1 . . Utility 1 | . . . . 1 Weapon 1 | . . 1 . . Highest Loss Streak 3 | . . 3 . 2 To Critical Strikes . | . . . . . Average Backups 5 | . 6 6 7 4 Power . | . 1 1 . . Propulsion 1 | . 3 2 1 . Utility 1 | . 1 2 2 1 Weapon 2 | . . 1 3 3 Tool/Special . | . . . . . Unused Backups 13 | . 7 2 2 2 Power 3 | . 1 1 1 . Propulsion 4 | . 3 . 1 . Utility 2 | . 1 . . 1 Weapon 4 | . 2 1 . 1 Tool/Special . | . . . . . Average Slot Usage (%) 75 | . 97 92 76 57 Engine 8 | . 14 10 14 . Treads 24 | . 10 25 28 28 Leg 2 | . 12 . . . Storage 14 | . 14 14 14 14 Processor 12 | . 11 14 14 10 Energy Gun 2 | . 3 . 3 1 Ballistic Gun 7 | . 24 20 2 . Launcher 1 | . . 5 . 2 Peak Build Rating 29 | . 8 8 29 24 Average Rating 10 | . 7 7 13 10 On Entrance 8 | 6 6 8 8 14 Avg Prop Armor Cover (%) 37 | . . . . 37 Naked Turns . | . . . . . Heaviest Build 18 | 13 14 15 18 16 Greatest Support 40 | 20 40 40 40 40 Greatest Overweight (x) 4 | . . . . 4 Average Overweight (x) . | . . . . . Largest Inventory Capacity 8 | . 8 8 8 8 Average Capacity 8 | . 8 8 8 8 Most Carried 8 | . 8 8 8 8 Average Carried 6 | . 6 6 7 6 Final Capacity 8 | 8 8 8 8 8 Final Carried 8 | 6 7 6 8 4 Class Distribution -------------------- 100% | Mutant Dominant Class ---------------- Mutant | -10/Materials Mutant | -10/Mines Mutant | -10/Exiles Mutant | -9/Mines Resources | -11 -10 -10 -10 -9 ----------- Run | Yrd Mat Min Exi Min Matter Collected 495 | 183 119 26 . 167 Remotely . | . . . . . Salvage Created 164 | . 119 26 . 19 Parts 15 | . 8 5 . 2 Haulers Intercepted . | . . . . . Recyclers Shooed . | . . . . . Parts Field Recycled . | . . . . . Retrieved Matter . | . . . . . Parts Self-Destructed . | . . . . . Prevented . | . . . . . Parts Restored . | . . . . . Kills | -11 -10 -10 -10 -9 ------- Run | Yrd Mat Min Exi Min Combat Hostiles Destroyed 24 | . 2 3 . 19 Guns 4 | . 2 . . 2 AOE 20 | . . 3 . 17 Classes Destroyed 6 | . 2 1 . 3 Tunneler 1 | . . . . 1 Mechanic 1 | . 1 . . . Swarmer 3 | . . 3 . . Grunt 3 | . 2 . . 1 Zionite 1 | . . . . 1 Assembled 18 | . . . . 18 Best Kill Streak 18 | . 2 3 . 18 Combat Bots Only 18 | . 2 3 . 18 Max Kills in Single Turn 7 | . 2 3 . 7 Gunslinging 1 | . 1 . . . Exploded 6 | . . 3 . 6 Melee . | . . . . . Uniques/NPCs Destroyed . | . . . . . Combat | -11 -10 -10 -10 -9 -------- Run | Yrd Mat Min Exi Min Hostile Shots Fired 76 | . 21 18 . 37 Missed 19 | . 6 1 . 12 Hits 57 | . 15 17 . 25 Projectile 57 | . 15 17 . 25 AOE 14 | . . 14 . . Damage Taken 1110 | . 150 537 . 423 Core 271 | . 10 138 . 123 Absorbed by Shields . | . . . . . Core Remaining (%) 100 | 100 . . . . Volleys Fired 26 | . 11 6 . 9 Largest 2 | . 2 2 . 2 Hottest 60 | . 40 50 . 60 Shots Fired 56 | . 22 11 . 23 Gun 38 | . 22 10 . 6 Cannon . | . . . . . Launcher 18 | . . 1 . 17 Special . | . . . . . Kinetic 32 | . 22 10 . . Thermal 6 | . . . . 6 Explosive 18 | . . 1 . 17 Electromagnetic . | . . . . . Robot Hit Streak 5 | . 4 5 . 4 Robot Miss Streak 5 | . 4 1 . 5 Penetration Max . | . . . . . Secondary Targets 1 | . 1 . . . Max Gunslinging Chain 1 | . 1 . . . Autonomous 6 | . . . . 6 Shots Hit Robots 29 | . 12 8 . 9 Core Hits 55 | . 7 4 . 44 Critical Kills . | . . . . . Critical Parts Destroyed . | . . . . . Critical Strikes . | . . . . . Melee Attacks . | . . . . . Impact . | . . . . . Slashing . | . . . . . Piercing . | . . . . . Sneak Attacks . | . . . . . Combat Hostiles . | . . . . . Follow-up Attacks . | . . . . . Damage Inflicted 1783 | . 150 181 . 1452 Guns 345 | . 144 85 . 116 Cannons . | . . . . . Explosions 1427 | . . 96 . 1331 Melee . | . . . . . Ramming 11 | . 6 . . 5 Kinetic 229 | . 144 85 . . Thermal 163 | . . . . 163 Explosive 1380 | . . 96 . 1284 Electromagnetic . | . . . . . Impact . | . . . . . Slashing . | . . . . . Piercing . | . . . . . Highest Corruption 2 | . 2 2 2 2 Average Corruption 2 | . 2 2 2 2 Corruption Purged . | . . . . . Corruption Blocked . | . . . . . Effects 15 | . 1 1 6 7 Message Errors 6 | . . 1 4 1 Heat Flow Errors 2 | . . . 1 1 Energy Discharges 5 | . . . 1 4 Data Loss (minor) 1 | . 1 . . . Alerts 1 | . . . . 1 Overload Shots . | . . . . . Overflow Damage 85 | . . . . 85 Projectiles . | . . . . . Explosions 85 | . . . . 85 Melee . | . . . . . Knockbacks . | . . . . . Impact . | . . . . . Kinetic . | . . . . . Secondary . | . . . . . Self-Inflicted Damage 100 | . . 34 . 66 Shots 4 | . . 1 . 3 Rammed 5 | . 2 . . 3 Targets Rammed 6 | . 2 . . 4 Kicked . | . . . . . Crushed 1 | . . . . 1 Highest Temperature 256 | . 2 . 187 256 Average Temperature 88 | . 1 . 93 108 Received Heat Transfer 74 | . 45 . . 29 Effects 1 | . . . . 1 Interference 1 | . . . . 1 Siege Activations . | . . . . . Martial Activations . | . . . . . Shielding Activations . | . . . . . Robots Disrupted . | . . . . . Combat Hostiles . | . . . . . Robots Corrupted . | . . . . . Combat Hostiles . | . . . . . Parts Fried . | . . . . . Impact Corruptions . | . . . . . Robots Melted . | . . . . . Combat Hostiles . | . . . . . Parts Melted . | . . . . . Heat Transferred 198 | . . . . 198 Parts Sabotaged . | . . . . . Parts Stolen . | . . . . . Parts Stripped . | . . . . . Power Chain Reactions . | . . . . . Alert | -11 -10 -10 -10 -9 ------- Run | Yrd Mat Min Exi Min Maximum Alert Level . | . . . . . Low Security (%) 100 | . 100 100 . 100 Level 1 . | . . . . . Level 2 . | . . . . . Level 3 . | . . . . . Level 4 . | . . . . . Level 5 . | . . . . . High Security . | . . . . . Max Security . | . . . . . Peak Influence 78 | . 52 78 . 54 Initial 16 | . . 16 . . Average 12 | . 7 31 . 9 Influence Increases 306 | . 82 78 . 146 Destroy 0b10 Robot/C 120 | . 40 60 . 20 Destroy 0b10 Robot/NC 10 | . 5 . . 5 Destroy Leader 30 | . 10 10 . 10 Trap Triggered on 0b10 30 | . . . . 30 Successful Hack 12 | . 12 . . . Disable Machine 45 | . 15 . . 30 Destroy Structure 59 | . . 8 . 51 Influence Decreases 291 | . 40 72 48 131 Entered New Map 74 | . . 26 48 . Time Decay 197 | . 40 46 . 111 Lost Part 20 | . . . . 20 Squads Dispatched 1 | . 1 . . . Investigation . | . . . . . Extermination . | . . . . . Reinforcement 1 | . 1 . . . Assault . | . . . . . Garrison . | . . . . . Intercept . | . . . . . Searches Triggered . | . . . . . Construction Impeded . | . . . . . Haulers Reinforced . | . . . . . Active Scanning Responses . | . . . . . Cargo Convoy Interrupts . | . . . . . Stealth | -11 -10 -10 -10 -9 --------- Run | Yrd Mat Min Exi Min Distress Signals 1 | . 1 . . . Communications Jammed . | . . . . . Distress Signals . | . . . . . Times Spotted 36 | . 11 4 . 21 Peak Tracking Total 15 | . 9 3 . 15 Tactical Retreats . | . . . . . Traps | -11 -10 -10 -10 -9 ------- Run | Yrd Mat Min Exi Min Traps Triggered 1 | . 1 . . . Indirectly . | . . . . . Trap Hack Attempts . | . . . . . Triggered . | . . . . . Disarmed . | . . . . . Reprogrammed . | . . . . . Reused 3 | . . . . 3 Traps Extracted . | . . . . . Installed 4 | . . . . 4 Triggered 3 | . . . . 3 Most Traps Carried 2 | . . . . 2 Machines | -11 -10 -10 -10 -9 ---------- Run | Yrd Mat Min Exi Min Machines Disabled 3 | . 1 . . 2 Max in Single Turn 1 | . 1 . . 1 Machines Repaired . | . . . . . Machines Dismantled . | . . . . . Machines Sabotaged . | . . . . . Overloaded Fab Kills . | . . . . . Hacking | -11 -10 -10 -10 -9 --------- Run | Yrd Mat Min Exi Min Machines Accessed 3 | . 1 . 2 . Terminals 1 | . 1 . . . Fabricators . | . . . . . Repair Stations . | . . . . . Recycling Units . | . . . . . Scanalyzers . | . . . . . Garrison Access . | . . . . . Total Hacks 5 | . 3 . 2 . Successful 5 | . 3 . 2 . Failed . | . . . . . Catastrophic . | . . . . . Database Lockouts . | . . . . . Manual 4 | . 3 . 1 . Terminals 3 | . 3 . . . Fabricators . | . . . . . Repair Stations . | . . . . . Recycling Units . | . . . . . Scanalyzers . | . . . . . Garrison Access . | . . . . . Terminal Hacks 4 | . 2 . 2 . Record 1 | . . . 1 . Robot Analysis 1 | . 1 . . . Prototype ID Bank 1 | . 1 . . . Proto ID Catalog 1 | . . . 1 . Fabricator Hacks . | . . . . . Repair Station Hacks . | . . . . . Recycling Unit Hacks . | . . . . . Scanalyzer . | . . . . . Garrison Access Hacks . | . . . . . Unauthorized Hacks 1 | . 1 . . . Terminals 1 | . 1 . . . Assimilate 1 | . 1 . . . Fabricators . | . . . . . Repair Stations . | . . . . . Recycling Units . | . . . . . Scanalyzers . | . . . . . Garrison Access . | . . . . . Data Cores Recovered . | . . . . . Used . | . . . . . Hacking Detections 1 | . 1 . . . Full Trace Events . | . . . . . Feedback Events . | . . . . . Feedback Blocked . | . . . . . Robot Schematics Acquired . | . . . . . Robots Built . | . . . . . Authchips . | . . . . . Time . | . . . . . Total Robot Build Rating . | . . . . . Part Schematics Acquired . | . . . . . Parts Built . | . . . . . Authchips . | . . . . . Time . | . . . . . Total Part Build Rating . | . . . . . Part Studies Acquired . | . . . . . Parts Repaired . | . . . . . Time . | . . . . . Parts Recycled . | . . . . . Recycled Matter . | . . . . . Retrieved Matter . | . . . . . Retrieved Components . | . . . . . Parts Scanalyzed . | . . . . . Part Schematics Acquired . | . . . . . Parts Damaged . | . . . . . Bothacking | -11 -10 -10 -10 -9 ------------ Run | Yrd Mat Min Exi Min Used RIF Installer . | . . . . . Robots Hacked . | . . . . . Non-combat . | . . . . . Combat . | . . . . . Robot Hacks Applied . | . . . . . Relay Couplers Released . | . . . . . Fabnet Peak Effective % . | . . . . . Robots Rewired . | . . . . . Allies Hacked . | . . . . . Hacks Repelled . | . . . . . Allies | -11 -10 -10 -10 -9 -------- Run | Yrd Mat Min Exi Min Total Allies . | . . . . . Largest Group . | . . . . . Highest-Rated Group . | . . . . . Highest-Rated Ally . | . . . . . Total Orders . | . . . . . Ally Attacks . | . . . . . Total Damage . | . . . . . Kills . | . . . . . Allies Corrupted . | . . . . . Allies Melted . | . . . . . Intel | -11 -10 -10 -10 -9 ------- Run | Yrd Mat Min Exi Min Active Infowar (turns) 343 | . . . . 343 Machine Analysis 343 | . . . . 343 Robot Analysis Total 1 | . 1 . . . Derelict Logs Recovered 1 | . . 1 . . Drone Launches . | . . . . . Drone Recoveries . | . . . . . Exploration | -11 -10 -10 -10 -9 ------------- Run | Yrd Mat Min Exi Min Turns Passed 1275 | . 261 122 389 503 Spaces Moved 872 | 1 171 63 237 400 Core 363 | . . . . 363 Treads 385 | . 48 63 237 37 Legs 80 | 1 79 . . . Wheels 44 | . 44 . . . Hover . | . . . . . Flight . | . . . . . Fastest Speed 80 | 120 80 160 160 100 Average Speed 127 | 120 120 160 160 105 Slowest Speed 250 | 120 160 160 160 250 Overloaded Moves . | . . . . . Propulsion Burnouts . | . . . . . Robots Hopped . | . . . . . Potential Cave-ins . | . . . . . Cave-ins Triggered . | . . . . . Exploration Rate (%) 35 | 2 29 19 61 64 Regions Visited 4 Branch Regions 3 Pre-discovered Areas 2 | . . . 1 1 Known Exits Taken 2 | . 1 1 . . Unknown Exits Taken 2 | 1 . . 1 . Scrap Searched 1 | . . . . 1 Spaces Dug . | . . . . . Terrain Destroyed 82 | . . 8 . 74 Melee . | . . . . . Projectile 1 | . . . . 1 AOE 81 | . . 8 . 73 Terrain Rammed . | . . . . . Walls Destroyed . | . . . . . Machines Disabled . | . . . . . Actions | -11 -10 -10 -10 -9 --------- Run | Yrd Mat Min Exi Min Total 992 | . 204 73 249 466 Wait 27 | . 3 . . 24 Move 868 | . 170 62 236 400 Hop . | . . . . . Pick Up 16 | . 6 2 2 6 Fast Attach 2 | . 1 . 1 . Attach 13 | . 3 3 . 7 Detach 9 | . 1 . 3 5 Swap 4 | . 2 . 2 . Drop 17 | . 5 . 5 7 Fire 26 | . 11 6 . 9 Melee . | . . . . . Ram . | . . . . . Kick . | . . . . . Crush 6 | . 2 . . 4 Escape Stasis . | . . . . . Rewire . | . . . . . Trap 4 | . . . . 4 Miscellaneous . | . . . . . Route ------- -11/Scrapyard -10/Materials -10/Mines -10/Exiles -9/Mines History --------- Turn | Location | Event 1 | -11/Scrapyard | Discovered new exit (range 0) 1 | -11/Scrapyard | Entered Materials 191 | -10/Materials | Discovered new exit (range 6) 198 | -10/Materials | Identified exit to Mines 262 | -10/Materials | Entered Mines 302 | -10/Mines | YI-UF0 nonchalantly dropped a Grenade Launcher on the ground 307 | -10/Mines | Build established: Mutant 329 | -10/Mines | Learned Materials trap positions 332 | -10/Mines | Core integrity fell below 50% 349 | -10/Mines | Lost 3 parts (1p1n1w) 374 | -10/Mines | Deemed a non-threat by the Exiles lab entrance 376 | -10/Mines | Discovered new exit (range 5) 380 | -10/Mines | Identified exit to Exiles 384 | -10/Mines | Entered Exiles 425 | -10/Exiles | Met 8R-AWN 453 | -10/Exiles | Met EX-HEX 497 | -10/Exiles | Met EX-BIN 523 | -10/Exiles | Aligned with FarCom system 525 | -10/Exiles | Given EX-Vault access code 566 | -10/Exiles | Opened EX-Vault 588 | -10/Exiles | Found YOLO Cannon 592 | -10/Exiles | Found AWS/Thermal 595 | -10/Exiles | Found 0b10 Alert Chip 630 | -10/Exiles | Warned to stay clear of 0b10 Research branches 639 | -10/Exiles | Exiles lab attacked by MAIN.C 713 | -10/Exiles | Learned location of Zion (-6) 760 | -10/Exiles | Discovered new exit (range 10) 773 | -10/Exiles | Stole three prototypes: 0b10 Alert Chip, AWS/Thermal, YOLO Cannon 773 | -10/Exiles | Entered Mines 774 | -9/Mines | Assembled infested the area 806 | -9/Mines | Core integrity fell below 20% 844 | -9/Mines | Destroyed 18 combat bots 930 | -9/Mines | Found a hidden stash of uninstalled traps 1185 | -9/Mines | Learned location of Storage (-9) 1276 | -9/Mines | Destroyed self via exploding Plasma Injector Last Messages --------------- 01118_ Crushed T-07 Excavator. 01118_ T-07 Excavator destroyed. 01168_ T-07 Excavator is excavating. 01171_ System corrupted: Energy discharge (-20). 01185_ A derelict emerges from the shadows: "Are any of them following you? I'm here trying to lose some heat after our second raid on Storage failed. Whatever you do stay away from that place, they've tightened security following our previous successful raids." World map updated: -9/Storage. 01187_ H1-E3S(g): "We scattered so the Unaware couldn't effectively use their advantage in numbers, and I suggest you do the same." 01187_ H1-E3S(g) slips back into the shadows. 01219_ K-01 Serf cleans the Pressure Siphon. 01255_ Searching scrap... 01255_ Found Sml. Storage Unit. 01255_ Found EM Pulse Gun. 01255_ Found 64 Matter. 01256_ Acquired 64 matter. 01276_ Plasma Injector explodes. 01276_ Destroyed Shock Absorption System. Map ----- +----------------------------------------------------+ | | | | | | | | | | | | | | | | | | | ?????????????????????????????????????????????????? | | ?????????????????????????????????????????????????? | | ????????????????????############?????????????????? | | ????????????????##### ## ##????????????????? | | ???????????????## #????????????????? | | ??????????????## #????????????????? | | ?????????????## #?????????????????? | | ????????????## #??????????????????? | | ???????????## ######?????????????? | | ???????????# d #?????????????? | | ??????????? ## [ !#?????????????? | | ?????????????????## ##### """ ???????? | | ??????????????????# #???# """ ???????? | | ??????????????????# d ##???##### """ ???????? | | ??????????????????# ##????????? ???????? | | ??????????????????# #?????###???#####??????? | | ??????????????????## @##???# ##?????????????? | | ???????????????????## ##?# #?????????????? | | ????????????????????# ## #?????????????? | | ????????????????????# #?????????????? | | ???????????????###### #??????????????? | | ???????????????# ###???????####???? | | ???????????????# ##????????? ????? | | ???????????????# ##### ##??????????# #????? | | ?????????????? ?????# ##???????#### #????? | | ???????????? ???????## ##??????# #????? | | ??????????? ??????????### #??????# ######### | | ????????????????????????#### #??????# #??## # | | ???????????????????????????# ##???#### #### | | ?????????????????????####??# ##????# | | ????????????????###### ##?# #?????# ####### | | ???????????????## ### #????## #?????## | | ??????????????## #????# #??????# | | ?????###?????## """ #???## #??????## | | ????## ##???# """ #??## ##??????## | | ????# ####?? """ ##?## ##??????## | | ????# ##??????# """ ##### ##??????# | | ????# #??????# #??????? | | ????# #??????# # ###??????? | | ????## ##??????# ########## ##????????? | | ?????#### #???????# #????????#### #?????????? | +----------------------------------------------------+ Best States ------------- Heat Dissipation 25 Energy Generation 10 Energy Capacity 250 Matter Stores 283 Matter Capacity 300 Sight Range 16 Terrain Scan Density 10 Evasion (%) 55 Recoil Reduction 2 Item Schematics ----------------- None Robot Schematics ------------------ None Fabricated ------------ Nothing Repaired ---------- Nothing Studied --------- None Alien Tech Used ----------------- None Achievements -------------- None Challenges ------------ None Game ------ Seed KineticActiveRouter Manual? 0 Play Time 00:10:04 Cumulative 1219.5 hours Start 2025.11.15 @ 13:30:31 End 2025.11.15 @ 18:04:09 Sessions 3 Manual Loads 0 Difficulty Rogue Special Mode None Game No. 1499 Rogue 1215 Adventurer 124 Explorer 160 Win Type - Total 56 Types 42/0/8/4/1/0/0/1/0/0 Lore% 92 Gallery% 86 Achievement% 64 Wizard Run 0 Options --------- Layout 0 ASCII 0 Keyboard 1 Movement Numpad Keybinds 0 Fullscreen 2 Font 18/X11 Map View 76x50 Zoom Use 4% Tactical HUD 1 Map Filters NONE Filters NONE Steam 1 RUN: 772ddbd0-cb60-4d3c-b70c-9b7c06687969